[Event "WTCC-50 2018"]
[Site "Radebeul"]
[Date "2018.07.13"]
[Round "7"]
[White "Bruch, Jochen"]
[Black "Grawe, Christian"]
[Result "1/2-1/2"]
[ECO "A06"]
[WhiteElo "2222"]
[BlackElo "2231"]
[Annotator "NA"]
[PlyCount "37"]
[EventDate "2018.07.07"]
[EventType "team-tourn"]
[EventCountry "GER"]
[SourceTitle "playchess.com"]
[Source "ChessBase"]
[SourceQuality "1"]
[TimeControl "40/5400+30:1800+30"]

1. Nf3 d5 2. g3 Bg4 3. Bg2 Nd7 4. O-O c6 5. d3 Ngf6 6. Nbd2 e5 7. e4 dxe4 8. dxe4 Bc5 9. c3 a5 10. a4 O-O 11. Qc2 Re8 12. Nc4 Qc7 13. Bd2 b5 14. Ne3 Bxe3 15. Bxe3 Nb6 16. axb5 cxb5 17. Nd2 Be6 18. f3 Nfd7 19. Rfc1 1/2-1/2

[Event "WTCC-50 2018"]
[Site "Radebeul"]
[Date "2018.07.13"]
[Round "7"]
[White "Teo, Kok Siong"]
[Black "Obers, Frits"]
[Result "0-1"]
[ECO "A62"]
[WhiteElo "2213"]
[BlackElo "2113"]
[Annotator "NA"]
[PlyCount "52"]
[EventDate "2018.07.07"]
[EventType "team-tourn"]
[EventCountry "GER"]
[SourceTitle "playchess.com"]
[Source "ChessBase"]
[SourceQuality "1"]
[TimeControl "40/5400+30:1800+30"]

1. d4 Nf6 2. c4 c5 3. d5 e6 4. Nc3 exd5 5. cxd5 d6 6. g3 g6 7. Bg2 Bg7 8. Nf3 O-O 9. O-O a6 10. a4 Nbd7 11. h3 Re8 12. Nd2 Rb8 13. Nc4 Ne5 14. Na3 Nh5 15. Kh2 f5 16. f4 Nf7 17. Qd3 Nf6 18. Bd2 Ne4 19. Nxe4 fxe4 20. Bxe4 Qe7 21. Bf3 Bf5 22. Qb3 Qxe2+ 23. Bxe2 Rxe2+ 24. Kg1 Bd4+ 25. Rf2 Bxf2+ 26. Kg2 Bd4+ 0-1

[Event "WTCC-50 2018"]
[Site "Radebeul"]
[Date "2018.07.13"]
[Round "7"]
[White "Schoeneberg, Manfred"]
[Black "Frostick, Clive A"]
[Result "1/2-1/2"]
[ECO "B45"]
[WhiteElo "2199"]
[BlackElo "2133"]
[Annotator "NA"]
[PlyCount "29"]
[EventDate "2018.07.07"]
[EventType "team-tourn"]
[EventCountry "GER"]
[SourceTitle "playchess.com"]
[Source "ChessBase"]
[SourceQuality "1"]
[TimeControl "40/5400+30:1800+30"]

1. e4 c5 2. Nc3 e6 3. Nf3 Nc6 4. d4 cxd4 5. Nxd4 Nf6 6. Be3 Bb4 7. Bd3 d5 8. exd5 Nxd5 9. Nxc6 bxc6 10. Bd2 Nxc3 11. bxc3 Be7 12. Rb1 e5 13. O-O O-O 14. Qe2 Qc7 15. Rfe1 1/2-1/2

[Event "WTCC-50 2018"]
[Site "Radebeul"]
[Date "2018.07.13"]
[Round "7"]
[White "Jhunjhnuwala, Naresh"]
[Black "Schulz, Klaus-Juergen"]
[Result "1/2-1/2"]
[ECO "B40"]
[WhiteElo "2164"]
[BlackElo "2324"]
[Annotator "NA"]
[PlyCount "132"]
[EventDate "2018.07.07"]
[EventType "team-tourn"]
[EventCountry "GER"]
[SourceTitle "playchess.com"]
[Source "ChessBase"]
[SourceQuality "1"]
[TimeControl "40/5400+30:1800+30"]

1. e4 c5 2. Nf3 e6 3. d4 cxd4 4. Nxd4 Nf6 5. Bd3 Nc6 6. c3 d6 7. O-O {[%emt 0:00:20] B40: Sicilian: 2...e6, Unusual lines} Be7 8. h3 (8. f4 O-O 9. Be3 e5 10. Nf5 Bxf5 11. exf5 exf4 12. Bxf4 Qb6+ 13. Kh1 Qxb2 14. Nd2 Qxc3 {0-1 (23) Mudelsee,M (2296)-Abergel,T (2509) Germany 2009}) 8... e5 9. Nxc6 bxc6 10. Qe2 $146 ({Predecessor:} 10. Be3 O-O 11. Nd2 Qc7 12. Qc2 Rb8 13. b3 Be6 14. c4 Nd7 15. Kh1 Bf6 {½-½ (41) Lopez Lazo,A (1760)-Aguilar,J (2274) Ilo Moquegua 2012}) 10... O-O 11. Rd1 Qc7 12. c4 Nd7 13. Nc3 Nc5 14. Bc2 Ne6 15. Be3 Bf6 16. Qd2 Nd4 17. Bxd4 exd4 18. Ne2 c5 19. Qd3 g6 20. f4 Bg7 21. g4 Bb7 22. Ng3 Rae8 23. Rf1 Qe7 24. Rae1 Qh4 25. Kh2 Re7 26. Re2 Bc8 27. Kg2 h5 28. f5 hxg4 29. hxg4 Be5 30. Qf3 Bb7 31. Rh1 Qg5 32. Nf1 gxf5 33. Qxf5 Qxf5 34. gxf5 f6 35. Kf3 Rg7 36. Rg2 Rxg2 37. Kxg2 Rf7 38. Kf2 Rg7 39. Rg1 Rxg1 40. Kxg1 Bf4 41. Kf2 Kg7 42. Kf3 Bc1 43. b3 Bc6 44. Kg4 Be8 45. Ng3 Kh6 46. Bd3 Bd2 47. e5 dxe5 48. Ne4 Bh5+ 49. Kh3 Bg5 50. Nxc5 Kg7 (50... Bc1 $11) 51. Ne4 (51. Ne6+ $16 Kf7 52. c5) 51... Bf3 52. b4 Bxe4 53. Bxe4 Bd2 54. a3 Kf8 $11 55. c5 Ke7 56. b5 Ba5 57. Kg4 Bd8 58. Kf3 Kd7 59. Ke2 Be7 60. c6+ Kc7 61. a4 Bb4 62. Kd3 Ba5 63. Kc4 Kd6 64. Bd3 Be1 65. Be4 Ba5 66. Bd3 Be1 {[%emt 0:00:07] Kxd4 Kd5+} 1/2-1/2

[Event "WTCC-50 2018"]
[Site "Radebeul"]
[Date "2018.07.13"]
[Round "7"]
[White "Limpert, Michael"]
[Black "Schulenburg, Bernd"]
[Result "1-0"]
[ECO "C55"]
[WhiteElo "2159"]
[BlackElo "2152"]
[Annotator "NA"]
[PlyCount "57"]
[EventDate "2018.07.07"]
[EventType "team-tourn"]
[EventCountry "GER"]
[SourceTitle "playchess.com"]
[Source "ChessBase"]
[SourceQuality "1"]
[TimeControl "40/5400+30:1800+30"]

1. e4 e5 2. Nf3 Nc6 3. Bc4 Bc5 4. O-O Nf6 5. d4 exd4 6. e5 d5 7. exf6 dxc4 8. fxg7 Rg8 9. Bg5 Qd6 10. Re1+ Be6 11. Nbd2 Qd7 12. Ne4 Be7 13. Nf6+ Bxf6 14. Bxf6 b6 15. Nxd4 Nxd4 16. Qh5 Rxg7 17. Bxg7 O-O-O 18. Bxd4 Qxd4 19. Rad1 Qxb2 20. Rxd8+ Kxd8 21. Qxh7 b5 22. Qe4 b4 23. f4 c6 24. Qxc6 Qxc2 25. Qd6+ Kc8 26. Qxb4 c3 27. Qc5+ Kb7 28. f5 Qd2 29. Rb1+ 1-0

[Event "WTCC-50 2018"]
[Site "Radebeul"]
[Date "2018.07.13"]
[Round "7"]
[White "Chan, Peng Kong"]
[Black "Van den Bersselaar, Jeroen"]
[Result "1/2-1/2"]
[ECO "A20"]
[WhiteElo "2158"]
[BlackElo "2142"]
[Annotator "NA"]
[PlyCount "33"]
[EventDate "2018.07.07"]
[EventType "team-tourn"]
[EventCountry "GER"]
[SourceTitle "playchess.com"]
[Source "ChessBase"]
[SourceQuality "1"]
[TimeControl "40/5400+30:1800+30"]

1. c4 e5 2. g3 c6 3. d4 e4 4. Nc3 d5 5. Bg2 Nf6 6. Bg5 Nbd7 7. cxd5 cxd5 8. f3 Qa5 9. a3 h6 10. Bxf6 Nxf6 11. Nh3 exf3 12. exf3 Bd6 13. O-O O-O 14. Qd2 Bxh3 15. Bxh3 Rae8 16. Rfe1 a6 17. Bf5 1/2-1/2

[Event "WTCC-50 2018"]
[Site "Radebeul"]
[Date "2018.07.13"]
[Round "7"]
[White "Page, Mark E"]
[Black "Schultz, Andreas"]
[Result "1-0"]
[ECO "C01"]
[WhiteElo "2139"]
[BlackElo "2211"]
[Annotator "NA"]
[PlyCount "93"]
[EventDate "2018.07.07"]
[EventType "team-tourn"]
[EventCountry "GER"]
[SourceTitle "playchess.com"]
[Source "ChessBase"]
[SourceQuality "1"]
[TimeControl "40/5400+30:1800+30"]

1. e4 e6 2. d4 d5 3. exd5 exd5 4. Nf3 Nf6 5. Bd3 c5 {[%emt 0:00:01] LiveBook: 119 Partien} 6. O-O c4 7. Re1+ Be7 8. Bf1 O-O {[%emt 0:00:31] C01: French: Exchange Variation} 9. b3 (9. Bg5) 9... cxb3 10. axb3 Bg4 11. h3 Bh5 12. g4 Bg6 13. Ne5 Nc6 14. Nxg6 $146 ({Predecessor:} 14. Bg2 Re8 15. Bb2 a6 16. Nd2 {0-1 (66) Peng,L (2320)-Razin,V (2379) Lutsk 2018}) 14... hxg6 15. Bg2 Rc8 16. Ba3 Re8 17. c3 a6 18. Bxe7 Rxe7 19. Nd2 Rxe1+ 20. Qxe1 Qd6 21. Qe3 Re8 22. Qf3 Qe6 23. Rb1 Re7 24. g5 Ne4 25. Nxe4 dxe4 26. Qe3 f5 27. gxf6 gxf6 28. Bf1 Kh7 29. c4 Qf5 30. Be2 g5 31. b4 Qg6 32. b5 axb5 33. cxb5 Nd8 34. Re1 Rd7 35. f3 f5 36. fxe4 f4 37. Qc3 Qd6 38. Rd1 Ne6 39. d5 Qb6+ 40. Kg2 f3+ 41. Qxf3 Nf4+ 42. Kh1 Rd6 43. e5 Rh6 44. Bf1 Qc5 $18 45. d6 Qxe5 46. d7 Rd6 47. d8=Q 1-0

[Event "WTCC-50 2018"]
[Site "Radebeul"]
[Date "2018.07.13"]
[Round "7"]
[White "Barron, Michael"]
[Black "Arkell, Keith C"]
[Result "0-1"]
[ECO "B17"]
[WhiteElo "2123"]
[BlackElo "2406"]
[Annotator "NA"]
[PlyCount "114"]
[EventDate "2018.07.07"]
[EventType "team-tourn"]
[EventCountry "GER"]
[SourceTitle "playchess.com"]
[Source "ChessBase"]
[SourceQuality "1"]
[TimeControl "40/5400+30:1800+30"]

1. e4 c6 2. d4 d5 3. Nd2 dxe4 4. Nxe4 Nd7 5. Nf3 Ngf6 6. Nxf6+ Nxf6 7. Bc4 Bf5 8. O-O e6 9. c3 Be7 10. Bd3 Bxd3 11. Qxd3 O-O 12. Bg5 h6 13. Bh4 c5 14. Rad1 Qb6 15. Qe2 Rfd8 16. Bg3 Rac8 17. Be5 a6 18. h3 Qc6 19. Rfe1 b5 20. dxc5 Qxc5 21. Bd4 Qc7 22. Ne5 Bc5 23. Bxc5 Qxc5 24. Rd3 Rxd3 25. Nxd3 Qc4 26. Nb4 Qxe2 27. Rxe2 a5 28. Nd3 Nd5 29. f4 Rd8 30. f5 Ne7 31. Ne5 Nxf5 32. Nc6 Rd1+ 33. Kf2 a4 34. Re5 Nd6 35. Nd4 Rb1 36. b3 Rc1 37. Nxb5 Rc2+ 38. Ke3 Nxb5 39. Rxb5 Rxc3+ 40. Kd4 Rc2 41. Ra5 axb3 42. axb3 Rxg2 43. b4 f5 44. b5 f4 45. b6 Rb2 46. Kc5 f3 47. Ra8+ Kf7 48. Ra3 f2 49. Rf3+ Ke7 50. Kc6 Rc2+ 51. Kb5 e5 52. b7 e4 53. Rf4 e3 54. b8=Q Rb2+ 55. Rb4 f1=Q+ 56. Kc6 Qc1+ 57. Kd5 Qd2+ 0-1

[Event "WTCC-50 2018"]
[Site "Radebeul"]
[Date "2018.07.13"]
[Round "7"]
[White "Tolhuizen, Ludo"]
[Black "Goh, Cheng Hong"]
[Result "1/2-1/2"]
[ECO "B06"]
[WhiteElo "2118"]
[BlackElo "2323"]
[Annotator "NA"]
[PlyCount "29"]
[EventDate "2018.07.07"]
[EventType "team-tourn"]
[EventCountry "GER"]
[SourceTitle "playchess.com"]
[Source "ChessBase"]
[SourceQuality "1"]
[TimeControl "40/5400+30:1800+30"]

1. d4 g6 2. e4 Bg7 3. Nc3 c5 4. d5 d6 5. Bb5+ Bd7 6. a4 Nf6 7. Nf3 O-O 8. O-O Na6 9. Re1 Nc7 10. Bf1 e5 11. dxe6 Bxe6 12. Bf4 Nfe8 13. Qd2 d5 14. exd5 Nxd5 15. Nxd5 1/2-1/2

[Event "WTCC-50 2018"]
[Site "Radebeul"]
[Date "2018.07.13"]
[Round "7"]
[White "Scheckenbach, Franz"]
[Black "Kaster, Juergen"]
[Result "1/2-1/2"]
[ECO "B00"]
[WhiteElo "2106"]
[BlackElo "2117"]
[Annotator "NA"]
[PlyCount "84"]
[EventDate "2018.07.07"]
[EventType "team-tourn"]
[EventCountry "GER"]
[SourceTitle "playchess.com"]
[Source "ChessBase"]
[SourceQuality "1"]
[TimeControl "40/5400+30:1800+30"]

1. e4 d6 2. d4 e5 3. Nf3 Nc6 4. h3 Be7 5. Bc4 Nf6 6. Nc3 O-O 7. O-O Nxe4 8. Nxe4 d5 9. Nc3 dxc4 10. d5 Na5 11. Nxe5 Bd6 12. Qd4 Bxe5 13. Qxe5 Re8 14. Qg3 c6 15. Bf4 Qf6 16. dxc6 bxc6 17. Rad1 Bf5 18. Rd6 Re6 19. Rd2 Rae8 20. Be3 a6 21. Rfd1 Qg6 22. Qxg6 Bxg6 23. Bb6 Nb7 24. Rd7 R6e7 25. R1d2 Bf5 26. Rxe7 Rxe7 27. g4 Be6 28. Kg2 Rd7 29. Rxd7 Bxd7 30. Kf3 h5 31. Kf4 f6 32. f3 h4 33. Ne4 Kf7 34. c3 Ke6 35. Nc5+ Nxc5 36. Bxc5 Kd5 37. Bf8 g6 38. Bg7 Ke6 39. Bf8 Kd5 40. Be7 Ke6 41. Bd8 Kf7 42. Ke3 Ke8 1/2-1/2

[Event "WTCC-50 2018"]
[Site "Radebeul"]
[Date "2018.07.13"]
[Round "7"]
[White "Haentsch, Ralf"]
[Black "Dietze, Frank"]
[Result "0-1"]
[ECO "B26"]
[WhiteElo "2085"]
[BlackElo "2203"]
[Annotator "NA"]
[PlyCount "131"]
[EventDate "2018.07.07"]
[EventType "team-tourn"]
[EventCountry "GER"]
[SourceTitle "playchess.com"]
[Source "ChessBase"]
[SourceQuality "1"]
[TimeControl "40/5400+30:1800+30"]

1. e4 c5 2. Nc3 Nc6 3. g3 g6 4. Bg2 Bg7 5. d3 d6 6. Be3 e5 7. Qd2 Nge7 8. Bh6 Bxh6 9. Qxh6 Nd4 10. Qd2 Be6 11. Nd1 {[%emt 0:03:35] B26: Closed Sicilian: 3 g3, lines with early Be3} (11. Nd5 Nxd5 12. exd5 Bd7 13. c3 Nf5 14. Nf3 O-O 15. h4 h5 16. Ng5 b5 17. Ne4 Kg7 18. f3 Rh8 {0-1 (82) Krapivin,A (2500)-Sjugirov,S (2612) St Petersburg 2009}) 11... d5 12. c3 Ndc6 13. Nf3 $146 ({Predecessor:} 13. Qc2 Rb8 14. Ne2 Qd7 15. h3 O-O 16. f3 b5 17. Nf2 b4 18. O-O Rb7 {½-½ (53) Egreteau,E (2084)-Romain,X (1892) Avoine 2008}) 13... f6 14. Qe2 Qd7 15. Nd2 O-O-O 16. b3 f5 17. f3 h5 18. h3 g5 19. Nf2 fxe4 20. fxe4 d4 21. c4 Rdg8 22. Bf3 Nb4 23. Kd1 g4 24. hxg4 hxg4 25. Bg2 Rxh1+ 26. Bxh1 Ng6 27. a3 Nc6 28. Kc2 Nf8 29. Bg2 Qd8 30. Rh1 Qa5 31. Nb1 b5 32. Kb2 bxc4 33. dxc4 Qb6 34. Qc2 Na5 35. Nd2 Bf7 36. Bf1 Qf6 37. Rh2 Nd7 38. Be2 Be6 39. Qd1 Qg5 40. Rh4 Qe3 41. Bxg4 Qc3+ 42. Ka2 Bxg4 43. Rxg4 Rf8 44. Nh3 Qd3 45. Qc1 Nf6 46. Rg5 Nxe4 47. Rxe5 Nxd2 48. Rxc5+ Nc6 49. Nf4 $2 (49. Qd1) 49... Qxb3+ 50. Ka1 Qb6 51. Rxc6+ Qxc6 52. Qxd2 Qxc4 53. Kb2 Rf7 54. Qc2 $19 Rb7+ 55. Kc1 Rc7 56. Qxc4 Rxc4+ 57. Kb2 Rc3 58. Ne2 Rd3 59. Kc2 Rxa3 60. Kd2 a5 61. g4 Ra2+ 62. Kd3 Rxe2 63. Kxe2 a4 64. g5 Kd7 65. Kd3 a3 66. Kxd4 0-1

[Event "WTCC-50 2018"]
[Site "Radebeul"]
[Date "2018.07.13"]
[Round "7"]
[White "Nazarenus, Olaf"]
[Black "Rohrmueller, Ulrich"]
[Result "0-1"]
[ECO "A46"]
[WhiteElo "2082"]
[BlackElo "2205"]
[Annotator "NA"]
[PlyCount "86"]
[EventDate "2018.07.07"]
[EventType "team-tourn"]
[EventCountry "GER"]
[SourceTitle "playchess.com"]
[Source "ChessBase"]
[SourceQuality "1"]
[TimeControl "40/5400+30:1800+30"]

1. d4 e6 2. Nf3 Nf6 3. e3 b6 4. b3 Bb7 5. Bb2 c5 6. Nbd2 Nc6 7. Rc1 cxd4 8. exd4 Be7 9. c4 O-O 10. Bd3 d5 11. O-O Rc8 12. Bb1 Re8 13. Ne5 dxc4 14. Ndxc4 Nb4 15. f4 b5 16. Ne3 Rxc1 17. Bxc1 Nbd5 18. N3g4 Nxg4 19. Qxg4 f5 20. Qh5 Rf8 21. Qf3 Ba8 22. Qd3 a6 23. Bd2 Nf6 24. a4 Qd5 25. Nf3 Rc8 26. axb5 axb5 27. Qe2 Ne4 28. b4 Bf6 29. Rd1 Qb3 30. Bd3 Bd5 31. Bxb5 Nxd2 32. Rxd2 Rc1+ 33. Kf2 Qxb4 34. Bd7 Qd6 35. Qb5 Bxf3 36. Kxf3 h6 37. d5 Rc3+ 38. Ke2 Qxf4 39. Bxe6+ Kh7 40. Kd1 Bg5 41. Qe2 Qa4+ 42. Ke1 Bxd2+ 43. Qxd2 Qe4+ 0-1

[Event "WTCC-50 2018"]
[Site "Radebeul"]
[Date "2018.07.13"]
[Round "7"]
[White "Fegan, Chris"]
[Black "Gempe, Thomas"]
[Result "0-1"]
[ECO "A45"]
[WhiteElo "2040"]
[BlackElo "2178"]
[Annotator "NA"]
[PlyCount "134"]
[EventDate "2018.07.07"]
[EventType "team-tourn"]
[EventCountry "GER"]
[SourceTitle "playchess.com"]
[Source "ChessBase"]
[SourceQuality "1"]
[TimeControl "40/5400+30:1800+30"]

1. d4 Nf6 2. Bg5 d5 3. Bxf6 exf6 4. e3 Be6 5. Ne2 {[%emt 0:01:48] D00: 1 d4 d5: Unusual lines} (5. g3 c6 6. Bg2 Qb6 7. b3 h5 8. h4 Nd7 9. Nd2 O-O-O 10. a3 Kb8 11. c4 dxc4 12. bxc4 Qa5 13. Qc2 Bb4 14. Ngf3 Bf5 15. Qa2 Bc3 {½-½ (15) Velilla Velasco,F (2557)-Straka,Z (2568) ICCF email 2015}) 5... Bd6 6. Nf4 O-O 7. Nxe6 fxe6 8. c4 c6 9. Nc3 Nd7 10. Bd3 f5 11. g4 $146 ({Predecessor:} 11. cxd5 cxd5 12. Qb3 Nf6 {½-½ (50) Pomes Marcet,J (2410)-Gomez Esteban,J (2440) San Sebastian 1995}) 11... Qh4 12. gxf5 e5 13. c5 exd4 14. cxd6 dxc3 15. bxc3 Ne5 16. h3 Rae8 17. Qe2 Qf6 18. O-O-O Qxd6 19. Kb1 b5 20. e4 Nc4 21. Bxc4 bxc4 22. Ka1 Qe5 23. Rd4 c5 24. f4 Qxf4 25. Rxd5 Rxe4 26. Rf1 Rxe2 27. Rxf4 Rb8 28. Rd1 Rbb2 29. Rxc4 Rxa2+ 30. Kb1 Reb2+ 31. Kc1 Rf2 32. Kb1 Rab2+ 33. Ka1 Rb5 34. Rd5 Rf3 35. h4 Kf7 36. Rd7+ Kf6 37. Rxa7 Rxf5 38. Rc7 h5 39. Rc6+ Kf7 40. Rc7+ Kg6 41. Ka2 Kf6 42. Rc6+ Kf7 43. Rc7+ Kg6 44. Re4 Rf6 45. Ra4 Rf2+ 46. Ka1 $17 Rg2 47. c4 Rb6 48. Raa7 Kh6 49. Rxc5 Rf6 50. Rb5 Rg4 51. Rg5 Rg6 52. Rc5 Rxh4 53. Ra8 Rg2 54. Rb8 Rh1+ 55. Rb1 Rxb1+ 56. Kxb1 h4 57. Rc8 Kh7 58. Rc5 g5 59. Rc7+ Kg6 60. Rc6+ Kh5 61. Rc8 h3 62. Rh8+ Kg4 63. c5 h2 64. c6 Rg1+ 65. Kc2 h1=Q 66. Rxh1 Rxh1 67. c7 Rh8 0-1

[Event "WTCC-50 2018"]
[Site "Radebeul"]
[Date "2018.07.13"]
[Round "7"]
[White "Jhunjhnuwala, Suresh"]
[Black "Polster, Wolfgang"]
[Result "0-1"]
[ECO "C50"]
[WhiteElo "1880"]
[BlackElo "2203"]
[Annotator "NA"]
[PlyCount "202"]
[EventDate "2018.07.07"]
[EventType "team-tourn"]
[EventCountry "GER"]
[SourceTitle "playchess.com"]
[Source "ChessBase"]
[SourceQuality "1"]
[TimeControl "40/5400+30:1800+30"]

1. e4 e5 2. Nf3 Nc6 3. Bc4 Nf6 4. d3 Bc5 5. O-O d6 6. h3 a6 {[%emt 0:01:12] C50: Hungarian Defence and Giuoco Pianissimo} 7. a4 (7. c3 h6 8. a4 O-O 9. Re1 Re8 10. Nbd2 Ba7 11. b4 Qe7 12. Nf1 Nh5 13. Ne3 {1-0 (34) Kryvoruchko,Y (2689)-Mamedyarov,S (2799) Riadh 2017}) 7... Be6 8. Bxe6 fxe6 9. c3 Ba7 10. Qb3 Qc8 11. Ng5 $146 ({Predecessor:} 11. Be3 O-O 12. Nbd2 Nh5 13. Bxa7 Rxa7 14. d4 exd4 15. cxd4 {½-½ (73) Birkisson,B (2023)-Kruse,J (2096) Douglas 2017}) 11... Nd8 12. Re1 h6 13. Nf3 Nc6 14. Be3 O-O 15. Bxa7 Rxa7 16. Nbd2 Kh7 17. Nf1 Nh5 18. Qd1 Qe8 19. g3 Qf7 20. N1h2 Raa8 21. Rf1 Qe7 22. Qe2 g6 23. b4 Qf6 24. b5 Nb8 25. Rfb1 b6 26. a5 axb5 27. axb6 Rxa1 28. Rxa1 cxb6 29. Qb2 Qe7 30. Qxb5 Qc7 31. c4 Nf6 32. Rb1 Nbd7 33. Ra1 Nc5 34. Ra3 Nfd7 35. Qb1 Qc6 36. Qc1 Kg7 37. Qa1 b5 38. Qc3 Rb8 39. cxb5 Qxb5 40. Ra7 Qb6 41. Ra3 Qb1+ 42. Kg2 Rb3 43. Rxb3 Qxb3 44. Qxb3 Nxb3 45. Ne1 Ndc5 46. Kf3 d5 47. Ke3 h5 48. Nhf3 Kf6 49. h4 Na4 50. Nc2 Nc3 51. Ng5 d4+ 52. Kf3 Nc1 53. Nb4 Na4 54. Nh7+ Kg7 55. Ng5 Nc5 56. Nc6 N5xd3 57. Nxe6+ Kf6 58. Nexd4 exd4 59. Nxd4 Ne5+ 60. Ke3 Nc4+ 61. Kf3 Nd3 62. Ke2 Nc5 63. f3 Ne6 64. Nc2 Ke5 65. Nb4 Nd4+ 66. Kf2 Nb2 (66... Ke6 $15 67. g4 Ne5) 67. Ke3 Nc4+ 68. Kf2 Ne6 69. Nc6+ Kd6 70. Nb4 Kc5 71. Nc2 Nd4 72. Ne1 Ne5 73. Ke3 Ne6 74. Ng2 Kc4 75. Ne1 $2 (75. Nf4 $11 {und Weiss steht sicher.} Nf8 76. g4) 75... Kc3 76. Ng2 Nc4+ 77. Kf2 Kd2 78. f4 Nd6 79. e5 Nf5 80. Ne1 Ned4 (80... Nfd4 $142 81. Nf3+ Nxf3 82. Kxf3 Kd3) 81. Ng2 Kd3 82. Ne1+ Ke4 83. Ng2 Ne6 84. Ne1 Nh6 85. Kg2 Ng4 86. Nf3 Ke3 87. Ng1 Nd4 $2 88. Nh3 Ke2 89. Ng1+ Ke3 90. Nh3 Nf3 91. Kf1 Ke4 92. Ke2 (92. e6 $142 Ne3+ 93. Kf2) 92... Nd4+ 93. Kf1 Kf3 94. Ng5+ Kxg3 95. e6 Ne3+ 96. Ke1 Nef5 97. Kd2 Kxf4 98. Kd3 Ke5 99. Kd2 Nxe6 100. Nf3+ Kf4 101. Ke2 Ned4+ 0-1

[Event "WTCC-50 2018"]
[Site "Radebeul"]
[Date "2018.07.14"]
[Round "8"]
[White "Boensch, Uwe"]
[Black "Limpert, Michael"]
[Result "1-0"]
[ECO "D46"]
[WhiteElo "2559"]
[BlackElo "2159"]
[Annotator "ChessBase"]
[PlyCount "79"]
[EventDate "2018.07.07"]
[EventType "team-tourn"]
[EventCountry "GER"]
[SourceTitle "playchess.com"]
[Source "ChessBase"]
[SourceQuality "1"]
[TimeControl "40/5400+30:1800+30"]

1. d4 d5 2. c4 c6 3. Nf3 Nf6 4. Nc3 e6 5. e3 Nbd7 6. Bd3 a6 7. b3 Bd6 8. O-O O-O 9. Bb2 b5 10. c5 Bc7 11. Qc2 b4 12. Ne2 a5 13. Ne5 Nxe5 14. dxe5 Ng4 15. h3 Nxe5 16. Bxh7+ Kh8 17. f4 Nd7 18. Nd4 Qh4 19. Bd3 e5 20. Nf5 Qh7 21. e4 dxe4 22. Bxe4 Nxc5 23. fxe5 Nxe4 24. Qxe4 Be6 25. Rf4 g5 26. Rf3 Bd5 27. Qg4 Bxf3 28. Qxf3 Rae8 29. e6+ f6 30. Re1 Bf4 31. Qg4 Qg6 32. h4 Kg8 33. e7 Rf7 34. Re6 Qh7 35. g3 Bxg3 36. Bxf6 Bxh4 37. Rd6 Rxf6 38. Rxf6 Rxe7 39. Qc4+ Rf7 40. Rxf7 1-0

[Event "WTCC-50 2018"]
[Site "Radebeul"]
[Date "2018.07.14"]
[Round "8"]
[White "Speelman, Jon S"]
[Black "Weitzer, Steffen"]
[Result "1-0"]
[ECO "A04"]
[WhiteElo "2493"]
[BlackElo "2288"]
[Annotator "ChessBase"]
[PlyCount "87"]
[EventDate "2018.07.07"]
[EventType "team-tourn"]
[EventCountry "GER"]
[SourceTitle "playchess.com"]
[Source "ChessBase"]
[SourceQuality "1"]
[TimeControl "40/5400+30:1800+30"]

1. Nf3 f5 2. b4 Nf6 3. Bb2 e6 4. a3 d5 5. e3 Bd6 6. Be2 O-O 7. O-O c6 8. c4 Qe7 9. Ne5 Nbd7 10. f4 Bc7 11. c5 g5 12. d3 Qg7 13. Nd2 Qh6 14. Rf2 gxf4 15. exf4 d4 16. Bxd4 Nd5 17. Ndc4 Nxf4 18. Bf1 Ng6 19. Qe1 Ndxe5 20. Nxe5 Rd8 21. Bc3 Ne7 22. Rf3 Nd5 23. Rg3+ Kf8 24. Rh3 Qf4 25. Rxh7 Bxe5 26. Bxe5 Qg5 27. h4 Qg6 28. Rh8+ Ke7 29. h5 Qg5 30. Rh7+ Ke8 31. Rg7 Qxh5 32. Qg3 Qh6 33. Be2 f4 34. Rg8+ Kd7 35. Qg7+ Qxg7 36. Rxg7+ Ke8 37. Bh5+ Kf8 38. Rh7 Bd7 39. Rf1 Be8 40. Bxe8 Kxe8 41. Bxf4 Nxf4 42. Rxf4 a5 43. Rff7 Rab8 44. Rc7 1-0

[Event "WTCC-50 2018"]
[Site "Radebeul"]
[Date "2018.07.14"]
[Round "8"]
[White "Levin, Felix"]
[Black "Ehlvest, Jaan"]
[Result "1/2-1/2"]
[ECO "A46"]
[WhiteElo "2466"]
[BlackElo "2536"]
[Annotator "RC"]
[PlyCount "35"]
[EventDate "2018.07.07"]
[EventType "team-tourn"]
[EventCountry "GER"]
[SourceTitle "playchess.com"]
[Source "ChessBase"]
[SourceQuality "1"]
[TimeControl "40/5400+30:1800+30"]

1. d4 Nf6 2. Nf3 d6 3. g3 Nbd7 4. Bg2 e5 5. dxe5 dxe5 6. O-O Bc5 7. Nc3 O-O 8. e4 a5 9. Nh4 a4 10. Rb1 Re8 11. b3 axb3 12. axb3 Nf8 13. Nf5 Ne6 14. b4 Bf8 15. Qxd8 Rxd8 16. Nd5 Nxd5 17. exd5 Nd4 18. Nxd4 1/2-1/2

[Event "WTCC-50 2018"]
[Site "Radebeul"]
[Date "2018.07.14"]
[Round "8"]
[White "Tischbierek, Raj"]
[Black "Dietze, Frank"]
[Result "1-0"]
[ECO "B34"]
[WhiteElo "2436"]
[BlackElo "2203"]
[Annotator "NA RC"]
[PlyCount "51"]
[EventDate "2018.07.07"]
[EventType "team-tourn"]
[EventCountry "GER"]
[SourceTitle "playchess.com"]
[Source "ChessBase"]
[SourceQuality "1"]
[TimeControl "40/5400+30:1800+30"]

1. e4 c5 2. Nc3 Nc6 3. Nge2 g6 4. d4 cxd4 5. Nxd4 Bg7 6. Nb3 Nf6 7. Be2 O-O 8. O-O d6 9. Bg5 Be6 10. Kh1 Rc8 11. f4 Na5 {[%emt 0:00:18] LiveBook: 50 Games} 12. f5 Bc4 13. Bd3 a6 {[%emt 0:01:58] B70: Sizilianisch (Drachen-Variante)} (13... b5 14. Qe2 b4 15. Nd1 Re8 16. Ne3 Bxd3 17. cxd3 Nc6 18. Qf2 Ne5 19. Qe2 a5 20. a4 bxa3 21. Rxa3 Nc6 {½-½ (65) Vasquez Schroder,R (2554)-Gonzalez Acosta,B (2461) Cochabamba 2013}) 14. Nd2 b5 15. Qe1 b4 16. Nd1 Bxd3 17. cxd3 Nc6 $146 ({Vorgänger:} 17... Qb6 18. Nf3 Nc6 19. Qh4 Qb5 20. Nf2 Ne5 21. Nd4 {1-0 (35) Kotsur,P (2425)-Cseke,R (2260) Budapest 1993}) 18. Nf3 Ne5 19. Nxe5 dxe5 20. Rf3 Qd6 21. Ne3 Qd4 22. b3 Rc3 23. Rd1 Rd8 $16 24. h3 Rd7 25. Nc4 Nxe4 26. Be3 1-0

[Event "WTCC-50 2018"]
[Site "Radebeul"]
[Date "2018.07.14"]
[Round "8"]
[White "Cummings, David H."]
[Black "Fritsche, Lutz"]
[Result "1-0"]
[ECO "E91"]
[WhiteElo "2336"]
[BlackElo "2303"]
[Annotator "NA"]
[PlyCount "81"]
[EventDate "2018.07.07"]
[EventType "team-tourn"]
[EventCountry "GER"]
[SourceTitle "playchess.com"]
[Source "ChessBase"]
[SourceQuality "1"]
[TimeControl "40/5400+30:1800+30"]

1. d4 Nf6 2. Nf3 g6 3. c4 Bg7 4. Nc3 O-O 5. e4 d6 6. Be2 Nbd7 7. O-O e5 8. d5 Nc5 9. Qc2 a5 10. Bg5 Bd7 11. Nd2 Qe8 12. b3 Kh8 13. a3 Ng8 14. b4 Na6 15. Qb2 f5 16. f3 $16 Bf6 17. Be3 Qe7 18. c5 Bg5 19. Bxg5 Qxg5 20. Nc4 axb4 21. axb4 Qe7 22. c6 bxc6 23. dxc6 Bxc6 24. b5 Rfb8 25. Qd2 Bxb5 26. Nxb5 Rxb5 27. Ne3 c6 28. Bxb5 cxb5 29. exf5 Qc7 30. fxg6 hxg6 31. Nd5 Qb7 32. Rfd1 Nc5 33. Rxa8 Qxa8 34. Nb6 Qa3 35. Qxd6 Qe3+ 36. Kf1 Nb3 37. Nd7 e4 38. Qe5+ Kh7 39. Nf8+ Kh6 40. Qh8+ Kg5 41. Rd5+ 1-0